 Dungeon Crawl Stone Soup version 0.18.1-8-gdd0e5ea (webtiles) character file.

2430 Azru the Basher (level 9, -2/98 HPs)
             Began as an Ogre Abyssal Knight on May 27, 2016.
             Was a Priest of Lugonu.
             Slain by a killer bee (4 damage)
             ... on level 7 of the Dungeon.
             The game lasted 00:17:31 (7305 turns).

Azru the Basher (Ogre Abyssal Knight)               Turns: 7305, Time: 00:17:32

Health: -2/98      AC:  4    Str: 19    XL:     9   Next: 48%
Magic:  14/14      EV: 10    Int: 19    God:    Lugonu [***...]
Gold:   354        SH:  0    Dex:  9    Spells: 0 memorised, 8 levels left

rFire  . . .     SeeInvis .     a - +1 mace
rCold  + . .     Gourm    +     b - +1 robe
rNeg   . . .     Faith    .     (no shield)
rPois  .         Spirit   .     (helmet restricted)
rElec  .         Dismiss  .     (no cloak)
rCorr  .         Reflect  .     (gloves unavailable)
SustAt .         Harm     .     (boots unavailable)
MR     .....                    e - amulet of the gourmand
Stlth  +.........               E - ring of protection from fire
                                z - ring of ice

@: brilliant, lethally poisoned (-2 -> -4), very slightly contaminated,
invisible, not resistant to hostile enchantments, very unstealthy
A: unfitting armour, tough skin 1
a: Depart the Abyss, Bend Space, Banish, Renounce Religion


You were on level 7 of the Dungeon.
You worshipped Lugonu.
Lugonu was most pleased with you.
You were not hungry.

You visited 1 branch of the dungeon, and saw 7 of its levels.
You visited the Abyss 1 time.

You collected 354 gold pieces.

Inventory:

Hand Weapons
 a - a +1 mace (weapon)
 t - a +0 giant club
 u - a +0 giant spiked club
Armour
 b - a +1 robe (worn)
Rods
 C - a -2 lightning rod (11/11)
   (You found it on level 5 of the Dungeon)
Jewellery
 e - an amulet of the gourmand (around neck)
 i - an uncursed ring of fire
 z - a ring of ice (left hand)
 E - a ring of protection from fire (right hand)
Wands
 n - a wand of disintegration (14/24)
 o - a wand of lightning (4/15)
 x - a wand of slowing (17/48)
 D - a wand of confusion (24/48)
Scrolls
 j - 4 scrolls of identify
 k - 3 scrolls of remove curse
 m - a scroll of enchant armour
 p - 4 scrolls of fog
 q - 2 scrolls of magic mapping
 s - a scroll of random uselessness {unknown}
 y - a scroll of fear {unknown}
 B - a scroll of blinking {unknown}
 F - a scroll of enchant weapon {unknown}
 H - a scroll of immolation {unknown}
Potions
 f - a potion of brilliance
 l - 2 potions of ambrosia
 A - 2 potions of agility
 I - a potion of might
 K - a potion of mutation {unknown}
Comestibles
 c - 4 bread rations
 d - 3 fruits
 g - 2 meat rations
 r - 2 beef jerkies


   Skills:
 + Level 9.1 Fighting
 * Level 10.9 Maces & Flails
 - Level 4.1 Dodging
 + Level 6.6 Invocations


You had 8 spell levels left.
You didn't know any spells.

Dungeon Overview and Level Annotations

Branches:
Dungeon (7/15)             Temple (0/1) D:5

Altars:
Ashenzari
Dithmenos
Kikubaaqudgha
Xom
The Shining One

Shops:
D:4 }

Annotations:
D:7 SedStubbie's ghost, novice DsAK


Innate Abilities, Weirdness & Mutations

You are too large for most types of armour.
You have tough skin (AC +1).


Message History

The killer bee stings you but does no damage.
Drink which item? (? for menu, Esc to quit)
It was a potion of invisibility.
You fade into invisibility!
You feel less woody.
Your +1 robe unmelds from your body.
You feel sick.
The killer bee buzzes angrily.
Something hits you.
* * * LOW HITPOINT WARNING * * *
The gnoll misses you. The wight closely misses you. The gnoll misses you.
You are very lightly contaminated with residual magic.
You feel sick.
You feel a little less mighty now.
Something tries to affect you, but you resist.
You feel sick.
You feel sick. The killer bee closely misses you. The killer bee stings you.
* * * LOW HITPOINT WARNING * * *
An orc comes into view. It is wielding a short sword.
You feel a little less agile now. The killer bee stings you.
You die...

### ##... # #....
##. #....##..
######## #8.8....##
#....y.###........#
#....hy.8.8.8.8..!#
#.....y.........@.#
#..z......o.8.y.y##
#.z.......###.....#
..........# #....z#
z#........# #...).#
##.........##..)g)#
#.........##..)g)#
#.........##.....#
#......... ##..#.#


You could see 2 killer bees, a wight, 2 gnolls and an orc (wandering).

Vanquished Creatures
  The ghost of Azru the Skirmisher, an amateur OgAK of Lugonu (D:3)
  Grinder (D:3)
  A sky beast (D:6)
  A wasp (D:6)
  An orc warrior (D:6)
  An ice beast (D:3)
  2 ogres (D:4)
  2 centaurs (D:6)
  Blork the orc (D:4)
  3 giant frogs
  2 scorpions
  4 wights (D:7)
  A crimson imp (D:7)
  A giant frog zombie (D:6)
  4 hounds
  3 orc wizards
  3 orc priests (D:7)
  3 iguanas
  5 worker ants
  Natasha (twice) (D:4)
  7 adders
  A shadow imp (D:6)
  An adder skeleton (D:5)
  4 worms
  A giant gecko (D:6)
  16 orcs
  A ball python (D:3)
  3 giant cockroaches
  10 goblins
  4 hobgoblins
  4 jackals
  4 kobolds
  2 quokkas
  5 bats
  A giant gecko skeleton (D:4)
  4 giant newts
  A jackal zombie (D:6)
  A quokka skeleton (D:5)
  8 rats
120 creatures vanquished.

Vanquished Creatures (others)
  A giant gecko (D:5)
1 creature vanquished.

Grand Total: 121 creatures vanquished

Notes
Turn   | Place    | Note
--------------------------------------------------------------
     0 | Abyss:1  | Azru the Ogre Abyssal Knight began the quest for the Orb.
     0 | Abyss:1  | Reached XP level 1. HP: 24/24 MP: 2/2
    35 | Abyss:1  | Noticed a quasit
    42 | D:1      | Escaped the Abyss
    87 | D:1      | Reached skill level 3 in Maces & Flails
   130 | D:1      | Reached * piety under Lugonu
   130 | D:1      | Reached XP level 2. HP: 30/32 MP: 3/3
   794 | D:2      | Reached XP level 3. HP: 40/40 MP: 4/4
   926 | D:2      | Found a glowing golden altar of the Shining One.
  1419 | D:3      | Noticed Azru's ghost (amateur OgAK)
  1444 | D:3      | Killed Azru's ghost
  1444 | D:3      | Reached skill level 5 in Fighting
  1444 | D:3      | Reached skill level 5 in Maces & Flails
  1444 | D:3      | Reached XP level 4. HP: 7/50 MP: 4/6
  1444 | D:3      | Reached XP level 5. HP: 8/58 MP: 4/7
  1444 | D:3      | Reached XP level 6. HP: 9/66 MP: 4/8
  1746 | D:3      | Noticed Grinder
  1896 | D:3      | Reached ** piety under Lugonu
  1903 | D:3      | Paralysed by Grinder for 4 turns
  1928 | D:3      | Paralysed by Grinder for 7 turns
  1945 | D:3      | Gained mutation: You are covered in fur (AC +1). [potion of beneficial mutation]
  1945 | D:3      | Paralysed by Grinder for 4 turns
  1952 | D:3      | Killed Grinder
  1952 | D:3      | Reached skill level 6 in Maces & Flails
  1952 | D:3      | Reached XP level 7. HP: 44/75 MP: 9/9
  2536 | D:4      | Found Xuv Adgha's Gadget Shop.
  2866 | D:4      | Reached skill level 7 in Maces & Flails
  3077 | D:4      | Noticed Natasha
  3086 | D:4      | Killed Natasha
  3230 | D:4      | Noticed Natasha
  3234 | D:4      | Killed Natasha
  3299 | D:4      | Found a shimmering altar of Xom.
  3299 | D:4      | Found a shattered altar of Ashenzari.
  3308 | D:4      | Reached XP level 8. HP: 75/84 MP: 11/11
  3639 | D:4      | Found a shadowy altar of Dithmenos.
  3700 | D:4      | Noticed Blork the orc
  4042 | D:4      | Killed Blork the orc
  4042 | D:4      | Reached skill level 8 in Maces & Flails
  4194 | D:5      | Entered Level 5 of the Dungeon
  4472 | D:5      | Found a staircase to the Ecumenical Temple.
  4509 | D:5      | Found an ancient bone altar of Kikubaaqudgha.
  4711 | D:5      | Reached skill level 5 in Invocations
  5487 | D:6      | Reached skill level 9 in Maces & Flails
  5513 | D:6      | HP: 4/132 [something (6)]
  5847 | D:6      | Gained mutation: You have a pair of small antennae on your head. [potion of beneficial mutation]
  6303 | D:6      | Reached *** piety under Lugonu
  6303 | D:6      | Reached XP level 9. HP: 75/96 MP: 13/13
  6547 | D:6      | Reached skill level 10 in Maces & Flails
  7212 | D:7      | Noticed SedStubbie's ghost (novice DsAK)
  7299 | D:7      | Lost mutation: You have a pair of small antennae on your head. [potion of cure mutation]
  7299 | D:7      | Lost mutation: You are covered in fur (AC +1). [potion of cure mutation]
  7304 | D:7      | HP: 4/98 [poisoned by a killer bee]
  7304 | D:7      | HP: 1/98 [killer bee (3)]
  7305 | D:7      | Slain by a killer bee

Skill      XL: |  1  2  3  4  5  6  7  8  9 |
---------------+----------------------------+-----
Maces & Flails | 3 5 6 7 9 10 | 10.9
Fighting       | 5 6 8 9 |  9.1
Dodging        | 3 4 |  4.1
Invocations    | 3 4 5 6 |  6.6

Action                   |  1- 3 |  4- 6 |  7- 9 || total
-------------------------+-------+-------+-------++-------
Melee: Mace              |   107 |    47 |   445 ||   599
Invok: Depart the Abyss  |     1 |       |       ||     1
  Use: Potion            |     2 |     4 |    14 ||    20
       Scroll            |       |     5 |     2 ||     7
  Eat: Chunk             |     4 |     3 |    17 ||    24
       Fruit             |       |     2 |       ||     2
Armor: Robe              |    25 |     8 |    92 ||   125
       Skin              |    10 |    17 |   238 ||   265
Dodge: Dodged            |    48 |    14 |   232 ||   294
